 Dungeon Crawl Stone Soup version 0.31-a0-229-g1fc7ce93e2 (webtiles) character file.

Game seed: 7328743120596656939

304 promet the Caller (level 6, -4/35 HPs)
             Began as a Deep Elf Summoner on July 5, 2023.
             Killed from afar by Ijyb (16 damage)
             ... with a bolt of light
             ... on level 4 of the Dungeon on July 6, 2023.
             The game lasted 00:23:22 (6348 turns).

promet the Caller (Deep Elf Summoner)               Turns: 6348, Time: 00:23:23

Health: -4/35      AC:  6    Str:  6 (7)  XL:     6   Next: 15%
Magic:  9/15       EV: 12    Int: 17 (20) God:
Gold:   71         SH:  0    Dex: 14 (15) Spells: 9/15 levels left

rFire   . . .        a - +0 lajatang
rCold   . . .        (shield currently unavailable)
rNeg    . . .        g - +3 leather armour
rPois   .            (no helmet)
rElec   .            (no cloak)
rCorr   .            (no gloves)
SInv    .            (no boots)
Will    .....        (no amulet)
Stlth   ++           (no ring)
HPRegen 0.25/turn    (no ring)
MPRegen 0.14/turn

%: no passive effects
@: no status effects
A: no striking features
a: no special abilities


You were on level 4 of the Dungeon.
You visited 2 branches of the dungeon, and saw 6 of its levels.

You collected 272 gold pieces.
You spent 201 gold pieces at shops.

Inventory:

Hand Weapons
 a - a +0 lajatang (weapon)
 f - a +0 morningstar
 i - a +0 dagger
 p - a +0 hand axe
 s - a +1 vampiric long sword
Missiles
 c - 38 stones
 j - 5 poisoned darts
Armour
 d - the +1 ring mail of Impatience {rPois rF- Dex+7 SInv}
   (You found it on level 2 of the Dungeon)

   Dex:       It affects your dexterity (+7).
   rF:        It makes you vulnerable to fire.
   rPois:     It protects you from poison.
   SInv:      It lets you see invisible.
 g - a +3 leather armour (worn)
 h - a +1 robe
Wands
 m - a wand of light (8)
Scrolls
 k - a scroll of identify
 n - 2 scrolls of blinking
 o - a scroll of fog {unknown}
 q - a scroll of amnesia
Potions
 b - a potion of magic
 e - 3 potions of might
 l - a potion of attraction


   Skills:
 * Level 1.8 Fighting
 + Level 0.2(0.5) Axes
 + Level 0.7 Maces & Flails
 + Level 0.4 Armour
 + Level 2.7 Dodging
 + Level 3.5 Stealth
 + Level 5.2 Spellcasting
 + Level 5.8 Summonings


You had 9 spell levels left.
You knew the following spells:

 Your Spells              Type           Power      Damage    Failure   Level
a - Summon Small Mammal   Summ           96%        N/A       1%          1
b - Call Imp              Summ           48%        N/A       3%          2
c - Call Canine Familiar  Summ           24%        N/A       6%          3

Your spell library contained the following spells:

 Spells                   Type           Power      Damage    Failure   Level
 Summon Guardian Golem    Hex/Summ       14%        N/A       21%         3
 Lesser Beckoning         Tloc           8%         N/A       32%         2
 Gell's Gravitas          Tloc           4%         N/A       54%         3
 Teleport Other           Tloc           4%         N/A       54%         3
 Summon Lightning Spire   Summ/Air       14%        N/A       54%         4
 Summon Forest            Summ/Tloc      7%         N/A       88%         5
 Eringya's Noxious Bog    Tmut/Pois      2%         4d6       100%        6
 Summon Hydra             Summ           12%        N/A       100%        7


Dungeon Overview and Level Annotations

Branches:
Dungeon (5/15)             Temple (1/1) D:4

Altars:
Ashenzari
Fedhas
Okawaru
Qazlal
Trog
Vehumet
Wu Jian
Zin
The Shining One

Shops:
D:4 (!

Annotations:
D:4 2 transporters, Ijyb; pubby's ghost, weakling DjDe


Message History

You climb upwards.
Level annotation: 2 transporters, pubby's ghost, weakling DjDe
There is a stone staircase leading down here.
Casting: Call Imp (safe; 3% risk of failure)
Confirm with . or Enter, or press ? or * to list all spells.
You don't know that spell.
Casting: Call Imp (safe; 3% risk of failure)
Confirm with . or Enter, or press ? or * to list all spells.
You don't know that spell.
You feel better. Ijyb hits you but does no damage.
Casting: Call Imp (safe; 3% risk of failure)
Confirm with . or Enter, or press ? or * to list all spells.
Ijyb hits you but does no damage.
Casting: Summon Small Mammal (safe; 1% risk of failure)
Confirm with . or Enter, or press ? or * to list all spells.
A tiny devil pulls itself out of the air.
Ijyb misses you.
You swap places.
Ijyb hits you with a +0 dagger.
Your cerulean imp barely misses Ijyb.
You swap places.
Your quokka bites Ijyb.
Ijyb completely misses your quokka.
Your cerulean imp closely misses Ijyb.
Casting: Call Imp (safe; 3% risk of failure)
Confirm with . or Enter, or press ? or * to list all spells.
Your quokka closely misses Ijyb.
Ijyb closely misses your quokka.
Your cerulean imp closely misses Ijyb.
What are your orders? t - Shout!
Orders for allies: a - Attack new target. r - Retreat! s - Stop attacking. g - Guard the area. f - Follow me.
Anything else - Cancel.
Gang up on whom?
Press: ? - help, Dir - move target, f - Ijyb
Aim: Ijyb, wielding a +0 dagger, wearing a +0 ring mail and carrying a wand of light (5) (moderately wounded, ally target) Attack!
Your quokka completely misses Ijyb.
Ijyb zaps a wand.
The bolt of light hits your quokka!
Your quokka dies!
Your quokka's corpse disappears in a puff of smoke!
The bolt of light hits you!
You die...

##...##.....##...##### ##.'......
.+...####........#######..#5.....
##...##...............##.##......
#######...............##.########
....##....###.........#..##∩#####
....##....#_#....###+##.#.##'...#
....'.....#'#......#....#.......#
....#######.######.#....+...†...#
###.#.#####.# #@h...####.......#
#.#.......####§#.####.........#
#.##...##.##..5g.####....######
###......##.##.####....#.###
...............##...####.#
#####.###.#.#####.#.##...#
#.....#.# #.#.##.### #######.#
#.#....# #....#####.######


You could see Ijyb (ally target), a friendly hound (summoned) and a friendly
cerulean imp (summoned).

Vanquished Creatures
  A jelly (D:4)
  An orc (D:3)
  4 endoplasms
  A giant cockroach (D:4)
  2 hobgoblins
  2 kobolds (D:4)
  3 quokkas
  A frilled lizard (D:3)
  A rat (D:3)
16 creatures vanquished.

Vanquished Creatures (collateral kills)
  A phantom (D:4)
  A hound (D:4)
  An orc priest (D:3)
  An orc wizard (D:3)
  2 adders (D:3)
  3 worms
  A dart slug (D:3)
  2 orcs (D:3)
  6 endoplasms
  5 giant cockroaches
  6 goblins
  8 hobgoblins
  3 jackals (D:1)
  2 quokkas (D:3)
  10 ball pythons
  2 kobolds
  3 rats
57 creatures vanquished.

Grand Total: 73 creatures vanquished

Notes
Turn   | Place    | Note
-------+----------+-------------------------------------------
     0 | D:1      | promet the Deep Elf Summoner began the quest for the Orb.
     0 | D:1      | Reached XP level 1. HP: 10/10 MP: 6/6
   105 | D:1      | Reached XP level 2. HP: 15/15 MP: 6/8
   326 | D:1      | Learned a level 2 spell: Call Imp
  1386 | D:1      | Reached skill level 5 in Summonings
  1865 | D:2      | Reached XP level 3. HP: 19/19 MP: 5/9
  2360 | D:2      | Learned a level 3 spell: Call Canine Familiar
  2618 | D:2      | Identified the +1 ring mail of Impatience {rPois rF- Dex+7
                  | SInv}
  3239 | D:3      | Found a radiant altar of Vehumet.
  3297 | D:3      | Reached XP level 4. HP: 20/24 MP: 7/12
  3544 | D:3      | Reached skill level 1 in Fighting
  3828 | D:3      | Reached XP level 5. HP: 29/29 MP: 13/13
  4734 | D:4      | Found a broken altar of Ashenzari.
  4891 | D:4      | Noticed a phantom
  4920 | D:4      | Killed a phantom
  4921 | D:4      | Reached skill level 5 in Spellcasting
  4936 | D:4      | Found a staircase to the Ecumenical Temple.
  4960 | Temple   | Entered the Ecumenical Temple
  5151 | D:4      | Reached XP level 6. HP: 35/35 MP: 15/15
  5170 | D:4      | Found a transporter.
  5172 | D:4      | Noticed pubby's ghost (weakling DjDe)
  5173 | D:4      | Found a transporter.
  5301 | D:4      | Found Godanoqe's Distillery.
  5309 | D:4      | Bought a potion of curing for 36 gold pieces
  5508 | D:4      | Upgraded the game from 0.31-a0-222-gefeffbb62a to
                  | 0.31-a0-229-g1fc7ce93e2
  6260 | D:4      | Found Tugricsury's Weapon Shoppe.
  6279 | D:4      | Bought a +0 lajatang for 165 gold pieces
  6332 | D:5      | Entered Level 5 of the Dungeon
  6332 | D:5      | Noticed Ijyb
  6339 | D:5      | HP: 1/35 [Ijyb/+0 dagger (2)]
  6348 | D:4      | Killed from afar by Ijyb

Illustrated notes

Levels and vault maps discovered:
D:1:      psy_arrival_radial02, layout_loops_ring, serial_rivers,
          chequers_serial_rivers_small_b, chequers_serial_rivers_micro_e,
          chequers_serial_rivers_micro_c, chequers_serial_rivers_micro_d,
          chequers_serial_rivers_micro_b
D:2:      layout_loops_ring
D:3:      minmay_evil_eye, layout_basic, fiery_altar_vehumet,
          nrook_mini_backslash
D:4:      layout_basic, ashenzari_conservatory_becter, temple_statues,
          gammafunk_ghost_arena, serial_shops, nicolae_shop_tiny_glass, shop
D:5:      layout_loops_ring, nicolae_nh_ransacked_shop, uniq_ijyb,
          uniq_blork_the_orc, uniq_eustachio
Temple:   nicolae_temple_great_sept

Skill      XL: |  1  2  3  4  5 |
---------------+----------------+-----
Summonings     | 5 |  5.8
Stealth        | 3 |  3.5
Spellcasting   | 4 5 |  5.2
Fighting       | 1 |  1.8
Axes           | |  0.2
Maces & Flails | |  0.7
Armour         | |  0.4
Dodging        | |  2.7

Action                     |  1- 3 |  4- 6 || total
---------------------------+-------+-------++-------
  Melee: Unarmed           |     4 |       ||     4
         Hand axe          |    12 |     5 ||    17
         Morningstar       |       |    14 ||    14
         Long sword        |       |     8 ||     8
         Lajatang          |       |     3 ||     3
   Cast: Summon Small Mamm |    47 |    29 ||    76
         Call Imp          |    11 |    10 ||    21
         Call Canine Famil |       |     6 ||     6
    Use: Scroll            |     7 |     4 ||    11
         Potion            |       |     6 ||     6
   Stab: Sleeping          |     1 |     3 ||     4
         Distracted        |       |     1 ||     1
 Armour: Robe              |     6 |       ||     6
         Leather armour    |       |    10 ||    10
  Dodge: Dodged            |    35 |    25 ||    60

Table legend: (Time is in decaauts)
 A = Elapsed time spent in this place.
 B = Non-inter-level travel time spent in this place.
 C = Inter-level travel time spent in this place.
 D = Time resting spent in this place.
 E = Time spent auto-exploring this place.
 F = Levels seen in this place.
 G = Mean time per level.
                   A        B        C        D        E       F      G
               +--------+--------+--------+--------+--------+-----+--------+
         Total |   6365 |   6273 |     92 |   2546 |   1635 |   6 | 1060.8 |
       Dungeon |   6194 |   6102 |     92 |   2546 |   1569 |   5 | 1238.8 |
        Temple |    170 |    170 |      0 |      0 |     66 |   1 |  170.0 |
               +--------+--------+--------+--------+--------+-----+--------+

Top non-repeatable levels by time:
     D:1: 1854 daAuts
     D:3: 1758 daAuts
     D:4: 1552 daAuts
     D:2: 1019 daAuts
  Temple: 170 daAuts
     D:5: 9 daAuts
